 Dungeon Crawl Stone Soup version 0.20.1-1-g8b1a95d (webtiles) character file.

218626 HelpMeObiWan the Acrobat (level 18, -5/150 HPs)
             Began as a Spriggan Assassin on Nov 1, 2017.
             Was a High Priest of Trog.
             Shot with an arrow by a deep elf master archer (17 damage)
             ... on level 3 of the Elven Halls on Nov 2, 2017.
             The game lasted 01:54:21 (56816 turns).

HelpMeObiWan the Acrobat (Spriggan Assassin)       Turns: 56816, Time: 01:54:21

Health: -5/150     AC: 11    Str: 19    XL:     18   Next: 42%
Magic:  0/29       EV: 37    Int: 18    God:    Trog [*****.]
Gold:   911        SH: 10    Dex: 22    Spells: 17/17 levels left

rFire    + . .     SeeInvis +   Q - +4 dagger "Engadoxi" {pierce, +Fly rN+ Dex+3}
rCold    . . .     Gourm    .   E - +2 buckler
rNeg     + . .     Faith    .   J - +0 swamp dragon scales
rPois    +         Spirit   +   (helmet restricted)
rElec    .         Reflect  .   l - +2 cloak {+Inv}
rCorr    .         Harm     .   (gloves unavailable)
MR       +++..                  (boots unavailable)
Stlth    ..........             X - amulet of guardian spirit
Regen    0.4/turn               W - ring "Put-Me-On" {+Fly Str+3 Int+3}
MPRegen  0.3/turn               L - ring of protection from fire

@: berserking, very quick
A: unfitting armour, see invisible, herbivore 3, speed 3, slow metabolism 2
}: 1/15 runes: decaying
a: Berserk, Trog's Hand, Brothers in Arms, Burn Spellbooks, Renounce Religion,
Evoke Invisibility, Evoke Flight


You were on level 3 of the Elven Halls.
You worshipped Trog.
Trog was extremely pleased with you.
You were not hungry.

You visited 8 branches of the dungeon, and saw 33 of its levels.
You also visited: Labyrinth and Volcano.

You collected 3083 gold pieces.
You spent 2172 gold pieces at shops.

Inventory:

Hand Weapons
 a - a +5 quick blade of protection
 b - a +2 blowgun
 Q - the +4 dagger "Engadoxi" (weapon) {pierce, +Fly rN+ Dex+3}
   (You took it off a deep elf demonologist on level 3 of the Elven Halls)

   It inflicts extra damage upon your enemies.
   It affects your dexterity (+3).
   It protects you from negative energy.
   It lets you fly.
Missiles
 c - 4 needles of frenzy
 e - 164 poisoned needles
 f - 12 curare-tipped needles
 i - 810 stones (quivered)
 O - 5 needles of sleeping
 R - 7 needles of confusion
Armour
 l - a +2 cloak of invisibility (worn)
 E - a +2 buckler (worn)
 J - +0 swamp dragon scales (worn)
 K - a +3 troll leather armour
Jewellery
 B - a +2 ring of protection {unknown}
 L - a ring of protection from fire (right hand)
 W - the ring "Put-Me-On" (left hand) {+Fly Str+3 Int+3}
   (You acquired it on level 1 of the Elven Halls)

   [ring of intelligence]

   It affects your strength (+3).
   It affects your intelligence (+3).
   It lets you fly.
 X - an amulet of guardian spirit (around neck)
Wands
 p - a wand of flame (17/48)
 w - a wand of iceblast (5/15)
 y - a wand of lightning (6/15)
 z - a wand of enslavement (17/24)
 I - a wand of polymorph (10/24)
 M - a wand of acid (6/15)
 N - a wand of confusion (29/48)
 T - a wand of flame (25/48)
 V - a wand of confusion (24/48)
Scrolls
 d - 2 scrolls of magic mapping
 j - 2 scrolls of fear
 m - 10 scrolls of remove curse
 n - 5 scrolls of teleportation
 o - 2 scrolls of immolation
 t - 5 scrolls of fog
 x - 4 scrolls of identify
 C - 8 scrolls of recharging
 F - 3 scrolls of vulnerability
 H - 2 scrolls of summoning
 S - a scroll of holy word
Potions
 h - a potion of agility
 k - 2 potions of resistance
 q - 3 potions of haste
 r - a potion of ambrosia
 s - 8 potions of flight
 u - 3 potions of brilliance
 v - 5 potions of mutation
 A - 3 potions of might
 D - 2 potions of magic
 G - 4 potions of curing
Miscellaneous
 P - a fan of gales
 U - a phial of floods
Comestibles
 g - 8 bread rations


   Skills:
 + Level 13.3 Fighting
 - Level 14.1 Short Blades
 - Level 6.8 Throwing
 - Level 3.1 Armour
 + Level 22.8 Dodging
 + Level 21.3 Stealth
 * Level 5.2 Shields
 - Level 14.0 Evocations


You had 17 spell levels left.
You didn't know any spells.

Dungeon Overview and Level Annotations

Branches:
Dungeon (15/15)            Temple (1/1) D:6            Lair (6/6) D:8
  Swamp (4/4) Lair:2        Snake (1/4) Lair:2        Slime (0/5) Lair:5
    Orc (2/2) D:11            Elf (3/3) Orc:2        Vaults (1/5) D:13
 Depths (0/5) D:15

Altars:
Ashenzari
Cheibriados
Dithmenos
Elyvilon
Fedhas
Gozag
Hepliaklqana
Kikubaaqudgha
Makhleb
Nemelex Xobeh
Okawaru
Qazlal
Ru
Sif Muna
Trog
Uskayaw
Vehumet
Xom
Yredelemnul
Zin
The Shining One

Shops:
D:7 *   D:12 [   D:14 }   Orc:2 (?%(

Annotations:
D:5 Grinder
D:10 Prince Ribbit; maximusg's ghost, novice MiBe
D:11 exclusions: door and oklob plant
Lair:5 exclusion: oklob plant
Swamp:2 exclusion: 2 oklob plants
Elf:3 1 exclusion


Innate Abilities, Weirdness & Mutations

You are very small and have problems with some larger weapons.
You are too small for most types of armour.
You have supernaturally acute eyesight. (SInv)
You are a herbivore.
You cover ground extremely quickly.
You need consume almost no food.


Message History

You closely miss the deep elf sorcerer.
The deep elf sorcerer is almost dead.
The deep elf mage completely misses you.
Unknown command.
You puncture the deep elf sorcerer!
You kill the deep elf sorcerer!
Trog accepts your kill.
Trog appreciates your killing of a magic user.
The deep elf master archer shoots an arrow.
The arrow hits you!!
* * * LOW HITPOINT WARNING * * *
You see here a plate armour.
You completely miss the deep elf master archer.
The deep elf master archer shoots an arrow.
You block the arrow.
You closely miss the deep elf master archer.
You barely miss the deep elf master archer.
The deep elf master archer shoots an arrow.
The arrow hits you!!
You die...

#....................####.#
#..........................
#.......#.###.......#######
#....^...## #.....[#.## #
#.......#.###......##†#####
##.....###(#..........(....
####.## ##.........###.###
##.######e.#.............
##.##...e@##<.....##.###.#
##.##....(####.....#.## ##.
##...#....)# #.....[## ##
*#.....(.)..# ###.#<## #
*#.#.........#######e.########
........(.....................
#####################..#.########
#....(...........e.ee......######
....8..8..8.....e##eee......#.(..


You could see a deep elf master archer and a deep elf mage.

Vanquished Creatures
  A tentacled monstrosity (Swamp:2)
  2 thorn hunters
  Kirke (D:13)
  Donald (Orc:1)
  A deep elf sorcerer (Elf:3)
  An orc warlord (Elf:1)
  A fire giant (D:15)
  A deep elf elementalist (Elf:3)
  An ironheart preserver (Vaults:1)
  3 deep elf demonologists
  2 deep elf annihilators
  2 deep elf death magi
  A minotaur (Lab)
  21 hydras
  4 vault guards
  A ghost crab (Swamp:2)
  4 centaur warriors
  2 catoblepae (Lair:6)
  2 ogre magi (Orc:2)
  8 alligators
  2 spriggan berserkers (Swamp:4)
  10 death yaks
  19 two-headed ogres
  3 tengu warriors
  28 dancing weapons
  6 orc high priests
  20 deep elf knights
  4 spriggan druids
  3 unseen horrors
  9 swamp dragons
  2 deep trolls (Orc:2)
  19 deep elf archers
  A harpy (shapeshifter) (D:14)
  3 manticores
  7 orc knights
  73 deep elf magi
  5 orc sorcerers
  10 ugly things
  4 cyclopes
  Joseph (D:8)
  2 gargoyles
  12 elephants
  4 black mambas
  Psyche (D:12)
  A molten gargoyle (Volcano)
  A rime drake (Lair:3)
  A kobold demonologist (D:15)
  13 spiny frogs
  A yaktaur (D:15)
  9 komodo dragons
  2 efreet
  14 trolls
  3 tyrant leeches
  5 hornets
  A dream sheep (Lair:5)
  3 hippogriffs
  7 bog bodies
  7 slime creatures
  3 blink frogs (Lair:6)
  4 air elementals
  A meliai zombie (D:14)
  2 vampires
  2 wraiths (D:14)
  A shadow (Swamp:4)
  48 yaks
  Sigmund (D:5)
  8 spriggans
  4 wyverns
  3 basilisks
  4 water elementals
  A hungry ghost (D:10)
  2 fire bats (Volcano)
  5 fire elementals
  2 hogs (D:13)
  15 vampire mosquitoes
  2 soldier ants (D:8)
  7 insubstantial wisps
  6 wargs
  19 swamp worms
  Edmund (D:5)
  5 nagas
  Duvessa (D:7)
  8 porcupines
  2 hell hounds (D:8)
  14 water moccasins
  6 ice beasts
  12 swamp drakes
  2 sky beasts
  34 orc warriors
  3 phantoms
  A necrophage (D:5)
  26 ogres
  A black bear (shapeshifter) (Elf:1)
  An eye of draining (D:8)
  7 wolves
  15 crocodiles
  11 centaurs
  18 bullfrogs
  3 big kobolds
  A wyvern zombie (D:13)
  A wyvern skeleton (D:12)
  2 earth elementals (Elf:1)
  Dowan (D:7)
  3 scorpions
  23 killer bees
  9 wights
  5 howler monkeys
  3 lava snakes (Volcano)
  7 crimson imps
  2 centaur zombies
  2 quasits
  7 centaur skeletons
  6 jellies
  16 orc priests
  27 orc wizards
  3 hounds
  2 bullfrog skeletons
  15 worker ants
  5 iguanas
  A hound zombie (D:7)
  3 worker ant zombies
  3 gnolls
  12 adders
  3 oozes
  An adder skeleton (D:6)
  4 worms
  2 dart slugs
  3 leopard geckos
  96 orcs
  A ball python (D:3)
  9 bats
  A giant cockroach (D:7)
  10 goblins
  6 hobgoblins
  8 jackals
  4 quokkas
  A ball python skeleton (D:5)
  3 frilled lizards
  A giant cockroach zombie (D:6)
  A jackal skeleton (D:5)
  14 kobolds
  A leopard gecko zombie (D:5)
  A quokka skeleton (D:9)
  2 rats
  A briar patch (Swamp:2)
  A fungus (Swamp:2)
1020 creatures vanquished.

Vanquished Creatures (collateral kills)
  3 thorn hunters
  The ghost of fishlunatic the Hoplite, an adept MiBe of Trog (Swamp:1)
  A deep elf elementalist (Elf:2)
  A stone giant (Volcano)
  A hydra (Swamp:4)
  A catoblepas (Lair:6)
  3 dancing weapons
  An orc knight (Elf:1)
  A cyclops (Orc:2)
  A deep elf mage (Elf:2)
  A gargoyle (Volcano)
  A troll (Orc:2)
  A tyrant leech (Swamp:2)
  4 insubstantial wisps (Swamp:1)
  A swamp worm (Swamp:2)
  2 ogres (Orc:2)
  2 earth elementals (Volcano)
  An orc priest (D:9)
  An orc (D:9)
  3 briar patches (Swamp:3)
31 creatures vanquished.

Vanquished Creatures (others)
  2 deep elf knights
  A jumping spider (shapeshifter) (D:15)
  A human (D:13)
  A swamp drake (Swamp:4)
  2 orcs
  6 briar patches (Swamp:2)
  19 fungi
  13 plants
45 creatures vanquished.

Grand Total: 1096 creatures vanquished

Notes
Turn   | Place    | Note
-------+----------+-------------------------------------------
     0 | D:1      | HelpMeObiWan the Spriggan Assassin began the quest for the Orb.
     0 | D:1      | Reached XP level 1. HP: 10/10 MP: 2/2
   126 | D:1      | Reached skill level 2 in Dodging
   136 | D:1      | Reached XP level 2. HP: 13/15 MP: 3/3
  1156 | D:2      | Reached XP level 3. HP: 17/18 MP: 4/4
  1579 | D:2      | HP: 1/27 [poisoned by an adder]
  2295 | D:1      | Reached XP level 4. HP: 10/23 MP: 5/5
  2809 | D:3      | Reached skill level 3 in Dodging
  3422 | D:3      | Found an ancient bone altar of Kikubaaqudgha.
  4396 | D:3      | Reached skill level 5 in Short Blades
  4396 | D:3      | Reached XP level 5. HP: 26/26 MP: 6/6
  4554 | D:3      | Reached skill level 4 in Dodging
  5002 | D:4      | Reached XP level 6. HP: 17/32 MP: 7/7
  5278 | D:4      | You fall through a shaft for 3 floors!
  5428 | D:5      | Entered Level 5 of the Dungeon
  5561 | D:5      | Noticed Grinder
  5580 | D:5      | Paralysed by Grinder for 6 turns
  5855 | D:6      | Found a staircase to the Ecumenical Temple.
  5864 | Temple   | Entered the Ecumenical Temple
  5871 | Temple   | Became a worshipper of Trog the Wrathful
  6203 | D:6      | Reached XP level 7. HP: 15/35 MP: 8/8
  6514 | D:5      | Reached skill level 5 in Dodging
  7469 | D:5      | Noticed Sigmund
  7476 | D:5      | Killed Sigmund
  7505 | D:5      | Noticed Edmund
  7788 | D:5      | Killed Edmund
  7788 | D:5      | Reached XP level 8. HP: 36/40 MP: 9/9
  8271 | D:6      | Found a white marble altar of Elyvilon.
  8297 | D:6      | Reached * piety under Trog
  8410 | D:6      | Found a shattered altar of Ashenzari.
  8496 | D:6      | Reached skill level 6 in Dodging
  8870 | D:7      | Found a blossoming altar of Fedhas.
  8966 | D:7      | Found Faomuof's Assorted Antiques.
  8969 | D:7      | Bought a scroll labeled GELICWAAFO for 31 gold pieces
  8969 | D:7      | Bought a scroll labeled KUOTUPHY KUTOA for 31 gold pieces
  8969 | D:7      | Bought 2 metallic pink potions for 55 gold pieces
  8969 | D:7      | Bought a scroll labeled MAMUODGH ENKA for 31 gold pieces
  8969 | D:7      | Bought a runed robe for 114 gold pieces
  8969 | D:7      | Bought a fuming amethyst potion for 27 gold pieces
  9081 | D:7      | Found a hide-covered altar of Uskayaw.
  9081 | D:7      | Noticed a hand axe
  9081 | D:7      | Noticed a dagger
  9113 | D:7      | Reached ** piety under Trog
  9113 | D:7      | Reached skill level 10 in Short Blades
  9414 | D:7      | Noticed Duvessa
  9414 | D:7      | Noticed Dowan
  9464 | D:7      | Killed Duvessa
  9464 | D:7      | Reached XP level 9. HP: 36/45 MP: 10/10
  9575 | D:7      | Killed Dowan
  9713 | D:8      | Noticed a two-headed ogre
  9963 | D:8      | Found a staircase to the Lair.
 10739 | D:8      | Found an opulent altar of Gozag.
 10824 | D:8      | Reached skill level 7 in Dodging
 10862 | D:8      | Reached skill level 5 in Throwing
 10924 | D:8      | Noticed a two-headed ogre
 10928 | D:8      | Noticed Joseph
 10972 | D:8      | Killed a two-headed ogre
 11199 | D:8      | HP: 1/46 [Joseph/sling bullet (10)]
 11610 | D:8      | Reached skill level 5 in Fighting
 12181 | D:8      | Found a burning altar of Makhleb.
 12258 | D:9      | Noticed Prince Ribbit
 12277 | D:9      | Found a sparkling altar of Nemelex Xobeh.
 12552 | D:9      | Noticed a two-headed ogre
 12578 | D:10     | Entered Level 10 of the Dungeon
 12777 | D:10     | Reached skill level 8 in Dodging
 12777 | D:10     | Reached XP level 10. HP: 51/51 MP: 11/11
 13094 | D:10     | Noticed maximusg's ghost (novice MiBe)
 13193 | D:10     | Reached *** piety under Trog
 13295 | D:10     | Found a sparkling altar of Nemelex Xobeh.
 13935 | D:11     | Found a blossoming altar of Fedhas.
 13946 | D:11     | Noticed an oklob plant
 14461 | D:11     | Noticed a purple ugly thing
 14468 | D:11     | Killed a purple ugly thing
 14468 | D:11     | Reached skill level 10 in Stealth
 14543 | D:11     | Reached skill level 9 in Dodging
 14891 | D:11     | Noticed a centaur warrior
 14924 | D:11     | Killed a centaur warrior
 15865 | D:11     | Noticed an unseen horror
 15872 | D:11     | Killed an unseen horror
 15872 | D:11     | Reached XP level 11. HP: 57/57 MP: 12/12
 16084 | D:11     | Found a staircase to the Orcish Mines.
 16109 | D:11     | Reached skill level 10 in Dodging
 16352 | D:11     | Reached **** piety under Trog
 16413 | D:12     | Reached skill level 1 in Evocations
 16866 | D:9      | Killed a two-headed ogre
 17061 | D:9      | Reached skill level 11 in Dodging
 17123 | D:9      | Killed a two-headed ogre
 17424 | D:8      | Killed Joseph
 17445 | Lair:1   | Entered Level 1 of the Lair of Beasts
 17683 | D:8      | Reached ***** piety under Trog
 17767 | Lair:1   | Reached skill level 12 in Dodging
 17820 | Lair:1   | Noticed a five-headed hydra
 17824 | Lair:1   | Noticed an eight-headed hydra
 17827 | Lair:1   | Killed a five-headed hydra
 17832 | Lair:1   | Killed an eight-headed hydra
 18105 | Lair:1   | Reached XP level 12. HP: 64/64 MP: 16/16
 18131 | Lair:1   | Reached skill level 5 in Evocations
 18719 | Lair:2   | Found a staircase to the Snake Pit.
 19358 | Lair:2   | Reached skill level 13 in Dodging
 19368 | Lair:2   | Found a staircase to the Swamp.
 19649 | Lair:2   | Noticed a six-headed hydra
 19696 | Lair:2   | Received a gift from Trog
 19708 | Lair:2   | Killed a six-headed hydra
 20750 | Lair:3   | Received a gift from Trog
 20971 | Lair:4   | Reached skill level 14 in Dodging
 21030 | Lair:4   | Found a dark tunnel.
 21035 | Volcano  | Entered a volcano
 21305 | Volcano  | Found a radiant altar of Vehumet.
 21341 | Volcano  | Noticed a stone giant
 21358 | Volcano  | Killed a stone giant
 22240 | Lair:5   | Found a labyrinth entrance.
 22248 | Lair:5   | Received a gift from Trog
 22260 | Lab      | Entered a labyrinth
 22443 | Lab      | Noticed a minotaur
 22544 | Lab      | Killed a minotaur
 22544 | Lab      | Reached XP level 13. HP: 70/70 MP: 20/20
 22594 | Lab      | Identified the Compendium of Good Luck and Dark Secrets
 22718 | Lair:5   | Reached skill level 15 in Dodging
 22753 | Lair:5   | Found a staircase to the Slime Pits.
 23266 | Lair:6   | Entered Level 6 of the Lair of Beasts
 24982 | Lair:6   | Reached skill level 16 in Dodging
 25226 | Lair:6   | Reached skill level 10 in Fighting
 25577 | Orc:1    | Entered Level 1 of the Orcish Mines
 25667 | Orc:1    | Received a gift from Trog
 25717 | Orc:2    | Entered Level 2 of the Orcish Mines
 25753 | Orc:1    | Reached skill level 10 in Evocations
 26240 | Orc:1    | Received a gift from Trog
 26434 | Orc:2    | Noticed Donald
 26436 | Orc:2    | Found a staircase to the Elven Halls.
 26492 | Orc:1    | Killed Donald
 26882 | Orc:2    | Reached XP level 14. HP: 70/77 MP: 19/22
 26913 | Orc:2    | Found Xyopuvel's Food Boutique.
 27152 | Orc:2    | Reached skill level 17 in Dodging
 27166 | Orc:2    | Received a gift from Trog
 29097 | Orc:2    | Received a gift from Trog
 29432 | Orc:2    | Found Acucu's Weapon Boutique.
 29519 | Orc:2    | Found Awu Ymmo's Weapon Shoppe.
 29528 | Orc:2    | Found Bura's Magic Scroll Shop.
 29545 | Orc:2    | Bought a scroll of teleportation for 42 gold pieces
 29545 | Orc:2    | Bought a scroll of recharging for 133 gold pieces
 29545 | Orc:2    | Bought a scroll of teleportation for 42 gold pieces
 29545 | Orc:2    | Bought a scroll of teleportation for 42 gold pieces
 29545 | Orc:2    | Bought a scroll of identify for 28 gold pieces
 29545 | Orc:2    | Bought a scroll of identify for 28 gold pieces
 29545 | Orc:2    | Bought a scroll of identify for 28 gold pieces
 29545 | Orc:2    | Bought a scroll of identify for 28 gold pieces
 29545 | Orc:2    | Bought a scroll of summoning for 133 gold pieces
 29734 | D:12     | Found an opulent altar of Gozag.
 29753 | D:12     | Noticed Psyche
 29754 | D:12     | Reached skill level 18 in Dodging
 29761 | D:12     | Killed Psyche
 29960 | D:12     | Found Ifarphal's Armour Shoppe.
 30002 | D:12     | Bought a +0 cloak of poison resistance for 119 gold pieces
 30763 | D:13     | Received a gift from Trog
 30867 | D:13     | Found a gate to the Vaults.
 31499 | D:13     | Noticed Kirke
 31527 | D:13     | Killed Kirke
 31664 | D:13     | Reached XP level 15. HP: 72/82 MP: 19/24
 32124 | D:14     | Found Doiw's Gadget Shop.
 32192 | D:14     | Bought a phial of floods for 560 gold pieces
 32192 | D:14     | Bought a phantom mirror for 420 gold pieces
 32192 | D:14     | Bought a box of beasts for 280 gold pieces
 32382 | D:14     | Reached skill level 19 in Dodging
 32545 | D:14     | Got a fine golden amulet
 32546 | D:14     | Identified the amulet of Wefuo {Gourm +Inv rF- Dex+3} (You took it off a tengu warrior on level 14 of the Dungeon)
 33141 | D:15     | Entered Level 15 of the Dungeon
 33180 | D:15     | Received a gift from Trog
 33691 | D:15     | Found a staircase to the Depths.
 33691 | D:15     | Noticed a fire giant
 33831 | D:15     | HP: 4/83 [fire giant/bolt of fire (18)]
 34085 | D:15     | Killed a fire giant
 35006 | Lair:5   | Reached skill level 20 in Dodging
 35040 | Lair:6   | Reached skill level 15 in Stealth
 35534 | Snake:1  | Entered Level 1 of the Snake Pit
 35947 | Lair:2   | Received a gift from Trog
 36124 | Swamp:1  | Entered Level 1 of the Swamp
 36308 | Swamp:1  | Noticed fishlunatic's ghost (adept MiBe)
 36330 | Swamp:1  | Killed fishlunatic's ghost
 36966 | Swamp:2  | Received a gift from Trog
 37243 | Swamp:1  | Reached XP level 16. HP: 82/88 MP: 21/25
 37824 | Swamp:2  | Noticed a thorn hunter
 37825 | Swamp:2  | Noticed a thorn hunter
 38171 | Swamp:2  | Received a gift from Trog
 38319 | Swamp:2  | Noticed a tentacled monstrosity
 38327 | Swamp:2  | Killed a tentacled monstrosity
 38646 | Swamp:2  | Noticed a thorn hunter
 38652 | Swamp:2  | Noticed a thorn hunter
 38760 | Swamp:3  | Noticed a thorn hunter
 39005 | Swamp:4  | Entered Level 4 of the Swamp
 39024 | Swamp:4  | Noticed a thorn hunter
 39030 | Swamp:4  | Killed a thorn hunter
 39030 | Swamp:4  | Reached skill level 21 in Dodging
 39872 | Elf:1    | Entered Level 1 of the Elven Halls
 39886 | Elf:1    | Received a gift from Trog
 40131 | Elf:1    | Reached ****** piety under Trog
 40437 | Elf:1    | Received a gift from Trog
 40585 | Elf:1    | Identified a scroll of acquirement
 40588 | Elf:1    | Got a steaming wooden ring
 40590 | Elf:1    | Identified the ring "Put-Me-On" {+Fly Str+3 Int+3} (You acquired it on level 1 of the Elven Halls)
 40865 | Elf:1    | Received a gift from Trog
 44036 | Elf:2    | HP: 2/91 [deep elf knight/shard of ice (12)]
 44211 | Elf:2    | Reached XP level 17. HP: 77/95 MP: 20/27
 44450 | Elf:2    | Received a gift from Trog
 44450 | Elf:2    | Reached skill level 22 in Dodging
 45045 | Elf:2    | Found a runed gate.
 45045 | Elf:2    | Found a runed gate.
 45045 | Elf:2    | Found a runed gate.
 45391 | Elf:2    | Received a gift from Trog
 48236 | Elf:1    | Reached skill level 1 in Armour
 48640 | Elf:2    | Reached skill level 1 in Shields
 49421 | Elf:3    | Entered Level 3 of the Elven Halls
 52902 | Swamp:4  | Received a gift from Trog
 52915 | Swamp:4  | Got a decaying rune of Zot
 52932 | Swamp:4  | Reached XP level 18. HP: 43/100 MP: 19/29
 54085 | Vaults:1 | Entered Level 1 of the Vaults
 55261 | Elf:3    | Found a radiant altar of Vehumet.
 56130 | Elf:2    | Reached skill level 5 in Shields
 56726 | Elf:3    | Noticed a Brimstone Fiend
 56727 | Elf:3    | Received a gift from Trog
 56730 | Elf:3    | Got a scorched dagger {pierce}
 56732 | Elf:3    | Identified the +4 dagger "Engadoxi" {pierce, +Fly rN+ Dex+3} (You took it off a deep elf demonologist on level 3 of the Elven Halls)
 56816 | Elf:3    | Shot with an arrow by a deep elf master archer

Skill      XL: |  1  2  3  4  5  6  7  8  9 10 11 12 13 14 15 16 17 18 |
---------------+-------------------------------------------------------+-----
Dodging        | 2 3 4 5 6 8 9 12 14 16 18 20 21 22 | 22.8
Fighting       | 2 3 4 5 6 7 9 10 11 12 13 | 13.3
Short Blades   | 3 5 7 8 10 11 12 13 14 | 14.1
Throwing       | 3 6 |  6.8
Stealth        | 7 12 14 16 18 20 21 | 21.3
Evocations     | 4 8 10 11 12 14 | 14.0
Armour         | 2 3 |  3.1
Shields        | 3 5 |  5.2

Action                   |  1- 3 |  4- 6 |  7- 9 | 10-12 | 13-15 | 16-18 || total
-------------------------+-------+-------+-------+-------+-------+-------++-------
Melee: Dagger            |   150 |   109 |   297 |   784 |  2116 |  1304 ||  4760
       Short sword       |       |       |       |       |   194 |       ||   194
       Quick blade       |       |       |       |       |       |  1503 ||  1503
 Fire: Blowgun           |     8 |     9 |    39 |    43 |    23 |    36 ||   158
Throw: Stone             |       |     4 |     2 |     5 |     5 |       ||    16
       Tomahawk          |       |       |     1 |     3 |       |       ||     4
       Throwing net      |       |       |       |       |     2 |       ||     2
Invok: Burn Spellbooks   |       |     1 |     2 |     3 |     7 |     3 ||    16
       Brothers in Arms  |       |       |       |     2 |     6 |    12 ||    20
       Trog's Hand       |       |       |       |     1 |       |     3 ||     4
       Berserk           |       |       |       |       |     2 |     7 ||     9
 Abil: Evoke Invisibilit |       |       |       |       |       |    22 ||    22
       Evoke Flight      |       |       |       |       |       |     6 ||     6
       Stop Flying       |       |       |       |       |       |     1 ||     1
Evoke: Wand              |       |       |       |    17 |    23 |    19 ||    59
       Phial of floods   |       |       |       |       |     1 |     2 ||     3
       Fan of gales      |       |       |       |       |       |     2 ||     2
       Phantom mirror    |       |       |       |       |       |     1 ||     1
       Box of beasts     |       |       |       |       |       |     6 ||     6
  Use: Potion            |     2 |       |       |     4 |     5 |     6 ||    17
       Scroll            |       |       |    18 |    16 |    20 |    16 ||    70
 Stab: Sleeping          |     6 |     6 |    19 |    44 |    43 |    18 ||   136
       Distracted        |       |     1 |     2 |     2 |    11 |    25 ||    41
       Confused          |       |       |       |     3 |     1 |     7 ||    11
       Held in net/web   |       |       |       |       |     3 |       ||     3
       Invisible         |       |       |       |       |    12 |    80 ||    92
  Eat: Royal jelly       |       |     1 |     2 |     2 |     8 |     4 ||    17
       Fruit             |       |       |     2 |     6 |     7 |    15 ||    30
       Bread ration      |       |       |       |       |       |     4 ||     4
Armor: Robe              |    12 |     9 |     7 |     3 |       |       ||    31
       Troll leather arm |       |       |       |     8 |   102 |    90 ||   200
       Swamp dragon scal |       |       |       |       |       |    50 ||    50
Dodge: Dodged            |   114 |    50 |   138 |   443 |  2018 |  1585 ||  4348
       Deflected         |       |       |       |    13 |     9 |       ||    22
Block: Other             |       |     2 |    10 |    45 |       |       ||    57
       Reflection        |       |       |     3 |     3 |       |       ||     6
       Buckler           |       |       |       |       |       |   232 ||   232
